 Dungeon Crawl Stone Soup version 0.23-a0-143-g1adec7b (webtiles) character file.

31 galech the Skirmisher (level 3, 0/30 HPs)
             Began as a Demonspawn Monk on Sept 3, 2018.
             Slain by Sigmund
             ... wielding a +0 scythe of freezing
              (7 damage)
             ... on level 2 of the Dungeon.
             The game lasted 00:01:13 (927 turns).

galech the Skirmisher (Demonspawn Monk)              Turns: 927, Time: 00:01:14

Health: 0/30       AC: 12    Str: 11    XL:     3   Next: 7%
Magic:  3/3        EV:  2    Int:  9    God:
Gold:   72         SH:  0    Dex: 16    Spells: 2/2 levels left

rFire    . . .     SeeInvis +   a - +0 hand axe
rCold    . . .     Gourm    .   (no shield)
rNeg     . . .     Faith    .   g - +0 plate armour
rPois    .         Spirit   .   (no helmet)
rElec    .         Reflect  .   (no cloak)
rCorr    .         Harm     .   (no gloves)
MR       .....                  (no boots)
Stlth    ..........             (no amulet)
HPRegen  0.10/turn              e - -2 ring of intelligence (curse)
MPRegen  0.08/turn              i - ring of see invisible

@: no status effects
A: thin metallic scales 1
a: no special abilities


You were on level 2 of the Dungeon.
You were not hungry.

You visited 1 branch of the dungeon, and saw 2 of its levels.

You collected 72 gold pieces.

Inventory:

Hand Weapons
 a - a +0 hand axe (weapon)
Armour
 b - a +0 robe
 g - a +0 plate armour (worn)
Jewellery
 e - a cursed -2 ring of intelligence (left hand)
 i - a ring of see invisible (right hand)
 j - an uncursed ring of fire {unknown}
Scrolls
 h - a scroll of enchant armour {unknown}
Potions
 d - 3 potions of curing {unknown}
Comestibles
 c - 4 rations
 f - 4 chunks of flesh


   Skills:
 + Level 3.7 Fighting
 + Level 3.1 Axes
 + Level 0.1 Armour
 + Level 2.8 Dodging
 + Level 1.7 Stealth


You had 2 spell levels left.
You didn't know any spells.
Your spell library was empty.

Dungeon Overview and Level Annotations

Branches:
Dungeon (2/15)

Altars:

Annotations:
D:2 Sigmund


Innate Abilities, Weirdness & Mutations

You are partially covered in thin metallic scales. (AC +2)


Message History

Sigmund is moderately wounded.
Sigmund hits you with a scythe of freezing!
Sigmund freezes you.
* * * LOW HITPOINT WARNING * * *
You are too injured to fight recklessly!
You are too injured to fight recklessly!
You are too injured to fight recklessly!
You are too injured to fight recklessly!
You are too injured to fight recklessly!
You are too injured to fight recklessly!
You are too injured to fight recklessly!
You are too injured to fight recklessly!
You are too injured to fight recklessly!
You are too injured to fight recklessly!
You are too injured to fight recklessly!
You are too injured to fight recklessly!
You miss Sigmund.
Sigmund is moderately wounded.
Sigmund hits you with a scythe of freezing!
You die...

...........# #...#........
#....#.#######............
##.#.#..........##.######
#.#.##########.##.# #.#.#
#..#.# #>#.# ##.#.# #.#..
#.#.# #.### #.#.# #. #@#.#
#.......@......
#######........ ###.####.
(# .# #


You could see Sigmund (invisible).

Vanquished Creatures
  An adder (D:2)
  2 giant cockroaches (D:1)
  3 goblins (D:1)
  A hobgoblin (D:1)
  2 jackals (D:2)
  6 bats
  4 kobolds (D:1)
  4 rats (D:1)
23 creatures vanquished.

Notes
Turn   | Place    | Note
-------+----------+-------------------------------------------
     0 | D:1      | galech the Demonspawn Monk began the quest for the Orb.
     0 | D:1      | Reached XP level 1. HP: 18/18 MP: 1/1
   308 | D:1      | Gained mutation: You are partially covered in thin metallic
                  | scales. (AC +2) [demonic ancestry]
   308 | D:1      | Reached XP level 2. HP: 24/24 MP: 2/2
   864 | D:2      | Reached XP level 3. HP: 21/30 MP: 3/3
   912 | D:2      | Noticed Sigmund
   927 | D:2      | Slain by Sigmund

Vault maps used:
D:1:      dpeg_arrival_houses_and_road
D:2:      lemuel_round_altar, uniq_sigmund

Skill      XL: |  1  2 |
---------------+-------+-----
Axes           | 3 |  3.1
Fighting       | |  3.7
Armour         | |  0.1
Dodging        | |  2.8
Stealth        | |  1.7

Action                   || total
-------------------------++-------
Melee: Hand axe          ||   100
Armor: Plate armour      ||   105
Dodge: Dodged            ||    14

Table legend:
 A = Non-vault XP
 B = Vault XP
 C = Vault XP percentage of total XP
 D = Non-vault monster count
 E = Vault monster count
 F = Vault count percentage of total count
                 A         B        C        D         E       F
            +---------+---------+-------+---------+---------+-------
      Total |      45 |       0 |   0.0 |      23 |       0 |   0.0
            +---------+---------+-------+---------+---------+-------
        D:1 |      27 |       0 |   0.0 |      19 |       0 |   0.0
        D:2 |      18 |       0 |   0.0 |       4 |       0 |   0.0
            +---------+---------+-------+---------+---------+-------
